Unix NetHack Version 5.0.0-0 post-release - last build May  4 2026 22:22:43 (774f63e81ad911689b3a0859ea89b322d5daca8d,branch:main).

Game began 2026-05-07 03:43:00, ended 2026-05-07 04:08:44.

Brudee, chaotic female human Barbarian

  ----              -----
  |<..---   -----.......--   #@..----
  |.....---|.........--..|   a|.....|
  --..|....|.--------- ..| ###|..@..|
    -.|-.%...----      ..| #  |......
    ---.........|      ..-.#  ---|---#
        --.|....|      ....-    |.|
           ---..|      ....|    |.|
              ..|      ...[|    -.-
              -.|      -...|    ...
              |.|      |...|    ...
              ---      -----
                                        ..
                                          |

Brudee the Bandit          St:18/01 Dx:17 Co:18 In:7 Wi:8 Ch:6  Chaotic
Dlvl:8  $:216 HP:0(61) Pw:13(13) AC:10 Xp:6/594 T:2410 

Latest messages:
 Q - an uncursed tin.
 w - a cursed egg.
 a - an uncursed scroll labeled ASHPD SODALG.
 T - an uncursed scroll labeled JUYED AWK YACC.
 J - an uncursed scroll labeled LEP GEX VEN ZEA.
 Z - a blessed scroll labeled LOREM IPSUM.
 n - an uncursed scroll labeled LOREM IPSUM.
 C - an uncursed scroll labeled THARR.
 u - a cursed scroll labeled XIXAXA XOXAXA XUXAXA.
 X - an uncursed scroll labeled ZLORFIK.
 W - a cursed black potion.
 E - a cursed clear potion.
 G - an uncursed cloudy potion.
 h - an uncursed dark potion.
 F - a blessed effervescent potion.
 M - an uncursed milky potion.
 i - an uncursed puce potion.
 j - an uncursed purple-red potion.
 I - 2 blessed sky blue potions.
 z - 2 uncursed sky blue potions.
 c - a cursed copper ring.
 A - a cursed sapphire ring.
 g - an uncursed copper wand.
 f - an uncursed forked wand.
 p - an uncursed wand of magic missile.
 Y - an uncursed candle.
 o - an uncursed key.
 t - an uncursed whistle.
 P - an uncursed blindfold.
 y - an uncursed pick-axe.
 r - an uncursed white gem.
 k - an uncursed white gem.
 L - 2 uncursed yellow gems.
 You begin bashing monsters with your bare hands.
 You kill the gnome!
 You hear someone praising Set.
 You smite the mumak!
 The mumak butts!
 The mumak bites!
 You smite the soldier ant!
 The soldier ant bites!
 The soldier ant stings!
 You smite the soldier ant!
 The soldier ant bites!
 The soldier ant stings!
 The soldier ant bites!
 You die...
 Do you want your possessions identified? [ynq] (y) y
 Do you want to see your attributes? [ynq] (y) y
 Do you want an account of creatures vanquished? [ynaq] (y) q

Inventory:
 Coins    ('$')
  $ - 216 gold pieces
 Amulets  ('"')
  V - a cursed amulet of change
  m - an uncursed amulet of ESP
 Weapons  (')')
  H - 5 blessed +1 daggers
  D - 5 +0 daggers
  q - a blessed +1 orcish dagger
  v - a +0 orcish dagger
  b - a +0 axe
  B - the rustproof +0 Cleaver
 Armor    ('[')
  x - a cursed -2 orcish helm (being worn)
  s - an uncursed +0 pair of kicking boots (being worn)
  R - an uncursed +0 alchemy smock with text "Rat: The other white meat"
 Comestibles  ('%')
  l - an uncursed clove of garlic
  d - 3 uncursed food rations
  N - 2 uncursed fortune cookies
  U - 2 uncursed lembas wafers
  Q - an uncursed tin of candied giant ant meat
  w - a cursed egg
 Scrolls  ('?')
  a - an uncursed scroll of destroy armor
  Z - a blessed scroll of enchant armor
  n - an uncursed scroll of enchant armor
  C - an uncursed scroll of fire
  X - an uncursed scroll of food detection
  J - an uncursed scroll of light
  u - a cursed scroll of magic mapping
  T - an uncursed scroll of stinking cloud
 Potions  ('!')
  i - an uncursed potion of confusion
  F - a blessed potion of enlightenment
  M - an uncursed potion of extra healing
  I - 2 blessed potions of healing
  z - 2 uncursed potions of healing
  j - an uncursed potion of invisibility
  G - an uncursed potion of paralysis
  h - an uncursed potion of see invisible
  W - a cursed potion of sickness
  E - a potion of unholy water
 Rings    ('=')
  c - a cursed -2 ring of gain constitution
  A - a cursed -1 ring of increase damage
 Wands    ('/')
  g - a wand of light (0:15)
  p - a wand of magic missile (0:5)
  f - a wand of sleep (0:5)
 Tools    ('(')
  P - an uncursed blindfold
  t - an uncursed magic whistle
  e - an uncursed oil lamp
  y - a +0 pick-axe
  o - an uncursed skeleton key
  Y - an uncursed tallow candle
 Gems/Stones  ('*')
  k - an uncursed opal
  r - an uncursed worthless piece of white glass
  L - 2 uncursed worthless pieces of yellow glass

Brudee the Barbarian's attributes:

Background:
 You were a Bandit, a level 6 female human Barbarian.
 You were chaotic, on a mission for Set
 who was opposed by Mitra (lawful) and Crom (neutral).
 You were right-handed.
 You were in the Gnomish Mines, on level 8.
 You entered the dungeon 2410 turns ago.
 It was nighttime.
 You had 594 experience points, 46 more were needed to attain level 7.

Basics:
 You had 0 out of 61 hit points.
 You had all 13 energy points (spell power).
 Your armor class was 10.
 Your wallet contained 216 zorkmids.
 Autopickup was on for '$"?+!=/' plus thrown.

Final Characteristics:
 Your strength was 18/01 (limit:18/100).
 Your dexterity was 17 (limit:18).
 Your constitution was 18 (limit:18).
 Your intelligence was 7 (limit:18).
 Your wisdom was 8 (limit:18).
 Your charisma was 6 (limit:18).

Final Status:
 You weren't hungry.
 You were unencumbered.
 You were bare handed.
 You had basic skill with bare handed combat.

Final Attributes:
 You were piously aligned.
 You were poison resistant.
 You are dead.

Miscellaneous:
 You didn't encounter any bones levels.
 Total elapsed playing time was 25 minutes and 43 seconds.

Major events:
 Turn
    1: Brudee the chaotic female human Barbarian entered the dungeon
  586: attained the rank of Pillager (level 3)
  717: was bestowed with Cleaver by Set
 1758: entered the Gnomish Mines
 1915: attained the rank of Bandit (level 6)
 2004: reached Mine Town
 2410: killed by a soldier ant

You didn't know any spells.

Skills:
 Fighting Skills
   bare handed combat [Basic]
   two weapon combat  [Unskilled]
   riding             [Unskilled]
 Weapon Skills
   dagger             [Unskilled]
   axe                [Basic]
   pick-axe           [Unskilled]
   short sword        [Unskilled]
   broadsword         [Unskilled]
   long sword         [Unskilled]
   two-handed sword   [Basic]
   saber              [Unskilled]
   club               [Unskilled]
   mace               [Unskilled]
   morning star       [Unskilled]
   flail              [Unskilled]
   hammer             [Unskilled]
   quarterstaff       [Unskilled]
   spear              [Unskilled]
   trident            [Unskilled]
   bow                [Unskilled]
 Spellcasting Skills
   attack spells      [Unskilled]
   escape spells      [Unskilled]

Voluntary challenges:
 Character rerolling was not enabled.
 You never genocided any monsters.
 You never polymorphed an object.
 You never changed form.
 You used no wishes.
Achievements:
 You attained the rank of Pillager.
 You entered a shop.
 You entered the Gnomish Mines.
 You attained the rank of Bandit.
 You entered Minetown.
 You entered a temple.

 The Dungeons of Doom: levels 1 to 6
    Level 1:
       An altar to Set, a fountain.
    Level 2:
    Level 3:
    Level 4:
       A fountain.
       Stairs down to The Gnomish Mines.
    Level 5:
       Many fountains.
    Level 6:
       A general store.
 The Gnomish Mines: levels 5 to 8
    Level 5:
    Level 6:
    Level 7:
    Level 8: <- You were here.
       A temple and an altar to Set.
       Final resting place for
          you, killed by a soldier ant.


Vanquished creatures:
  a rock mole
  4 gnome leaders
  a kobold mummy
  2 giant ants
  a little dog
  a kitten
  9 dwarves
  5 hill orcs
  a monkey
  a werejackal
  4 hobbits
  a hobgoblin
  a yellow mold
 24 gnomes
  a gecko
  3 jackals
  2 kobolds
  4 goblins
  a sewer rat
  7 grid bugs
  5 lichens
  a kobold zombie
  5 newts
85 creatures vanquished.

No species were genocided or became extinct.

Game over:
                       ----------
                      /          \
                     /    REST    \
                    /      IN      \
                   /     PEACE      \
                  /                  \
                  |      Brudee      |
                  |      216 Au      |
                  |   killed by a    |
                  |   soldier ant    |
                  |                  |
                  |                  |
                  |       2026       |
                 *|     *  *  *      | *
        _________)/\\_//(\/(/\)/\//\/|_)_______

Goodbye Brudee the Barbarian...

You died in The Gnomish Mines on dungeon level 8 with 2921 points,
and 216 pieces of gold, after 2410 moves.
You were level 6 with a maximum of 61 hit points when you died.

